 Dungeon Crawl Stone Soup version 0.16.1-51-g6203257 (webtiles) character file.

94 uhvn the Charlatan (level 4, -4/28 HPs)
             Began as a Halfling Artificer on July 4, 2015.
             Killed from afar by an orc wizard (8 damage)
             ... with a magic dart
             ... on level 3 of the Dungeon.
             The game lasted 00:20:45 (2733 turns).

uhvn the Charlatan (Halfling Artificer)             Turns: 2733, Time: 00:20:45

Health: -4/28      AC:  3    Str: 11    XL:     4   Next: 94%
Magic:  6/6        EV: 16    Int: 11    God:
Gold:   129        SH:  0    Dex: 15    Spells: 0 memorised, 3 levels left

rFire  . . .     SeeInvis .     a - +0 short sword
rCold  . . .     Clarity  .     n - +0 robe
rNeg   . . .     SustAb   .     (no shield)
rPois  .         Gourm    .     (no helmet)
rElec  .         Spirit   .     (no cloak)
rCorr  .         Warding  .     (no gloves)
rMut   .         Stasis   .     u - +0 pair of boots
MR     .....                    (no amulet)
Stlth  ++........               (no ring)
                                (no ring)

@: not resistant to hostile enchantments, unstealthy
A: mutation resistance 1
a: no special abilities


You were on level 3 of the Dungeon.
You were hungry.

You visited 1 branch of the dungeon, and saw 3 of its levels.

You collected 129 gold pieces.

Inventory:

Hand weapons
 a - a +0 short sword (weapon)
 g - a cursed -1 dagger
Missiles
 m - 52 stones (quivered)
 r - 27 sling bullets
 x - 20 bolts
Armour
 e - a +0 leather armour
 n - a +0 robe (worn)
 s - a +0 robe
 u - a +0 pair of boots (worn)
Jewellery
 q - an uncursed ring of sustain abilities {unknown}
Magical devices
 b - a wand of flame (11)
 c - a wand of enslavement (15)
 d - a wand of random effects (15)
 v - a wand of frost (42)
 w - a wand of random effects (15)
Scrolls
 j - a scroll of remove curse {unknown}
 l - a scroll of teleportation {unknown}
 o - 2 scrolls of identify {unknown}
Potions
 h - 2 potions of agility {unknown}
 k - 2 potions of haste {unknown}
 p - 2 potions of heal wounds {unknown}
 t - a potion of cure mutation {unknown}
 z - 2 potions of berserk rage {unknown}
 A - a potion of might {unknown}
Comestibles
 f - 2 bread rations
 i - a slice of pizza


   Skills:
 + Level 1.2 Fighting
 * Level 2.3 Short Blades
 + Level 1.0 Armour
 * Level 3.4 Dodging
 * Level 1.6 Stealth
 + Level 3.8 Evocations


You had 3 spell levels left.
You didn't know any spells.

Dungeon Overview and Level Annotations

Branches:
Dungeon (3/15)

Altars:
Sif Muna
Yredelemnul


Innate Abilities, Weirdness & Mutations

You are small and have problems with some larger weapons.
You are somewhat resistant to further mutation.


Message History

You hit the orc wizard.
The orc wizard is severely wounded.
The orc wizard hits you with a dagger.
You hit the orc wizard.
The orc wizard is almost dead.
The orc wizard mumbles some strange words.
The orc wizard flickers and vanishes!
Deactivating autopickup; reactivate with Ctrl-A.
There is a strange disturbance nearby!
There is a strange disturbance nearby!
Something hits you but does no damage.
You hit something but do no damage.
You hear some strange, mumbled words.
The puff of frost hits you!
You start resting.
Something hits you. The magic dart hits you!
* * * LOW HITPOINT WARNING * * *
A giant gecko comes into view.
The magic dart hits you!
You die...

#..# #.. #.#
######.###########
#................#
#.####.##..#####.#
#.# #..........#.#
#.# #..##..###.#.#
#.###...#..# #.#@#
........l..###.#.#
..###...##.......#
..# #..#######.###
.......# #.#
#.####.# #.# ###
#.# + #.# ##.##
#.# ... #.###...##
#.# ..<.
#........#


There were no monsters in sight!

Vanquished Creatures
  4 adders
  2 worms (D:2)
  An adder zombie (D:2)
  2 giant geckos
  2 ball pythons
  5 bats
  A bat zombie (D:2)
  2 giant cockroaches
  5 goblins
  3 hobgoblins
  7 kobolds
  A quokka (D:2)
  A giant gecko zombie (D:2)
  2 giant newts
  10 rats
48 creatures vanquished.

Notes
Turn   | Place    | Note
--------------------------------------------------------------
     0 | D:1      | uhvn, the Halfling Artificer, began the quest for the Orb.
     0 | D:1      | Reached XP level 1. HP: 12/12 MP: 1/1
   107 | D:1      | Reached XP level 2. HP: 16/18 MP: 3/3
   678 | D:2      | Reached skill level 1 in Fighting
  1097 | D:2      | Reached XP level 3. HP: 14/23 MP: 4/4
  1396 | D:2      | Reached XP level 4. HP: 25/28 MP: 6/6
  1492 | D:2      | Reached skill level 1 in Armour
  1691 | D:2      | Found a basalt altar of Yredelemnul.
  1742 | D:2      | Found a deep blue altar of Sif Muna.
  2733 | D:3      | Killed from afar by an orc wizard

Action                   |  1- 3 |  4- 6 || total
-------------------------+-------+-------++-------
Melee: Short sword       |   101 |   113 ||   214
Throw: Stone             |    14 |    24 ||    38
Evoke: Wand              |     4 |       ||     4
  Eat: Meat ration       |     1 |       ||     1
